 Dungeon Crawl Stone Soup version 0.17-a0-910-ga669010 (webtiles) character file.

4212 hornqvist the Covert (level 10, -1/53 HPs)
             Began as a Vine Stalker Monk on May 2, 2015.
             Was an Initiate of Gozag.
             Slain by a yak (7 damage)
             ... on level 10 of the Dungeon.
             The game lasted 00:10:26 (6610 turns).

hornqvist the Covert (Vine Stalker Monk)            Turns: 6610, Time: 00:10:26

Health: -1/53      AC: 11    Str: 17    XL:     10   Next: 29%
Magic:  0/11       EV: 14    Int: 10    God:    Gozag
Gold:   457        SH:  0    Dex: 17    Spells: 0 memorised, 9 levels left

rFire  . . .     SeeInvis +     J - +2 war axe (chop)
rCold  . . .     Clarity  .     w - +1 ring mail {rPois}
rNeg   . . .     SustAb   .     (no shield)
rPois  +         Gourm    .     (no helmet)
rElec  .         Spirit   +     e - +0 cloak
rCorr  .         Warding  .     u - +0 pair of gloves
rMut   .         Stasis   .     l - +2 pair of boots
MR     +....                    (no amulet)
Stlth  ++++......               (no ring)
                                I - ring of see invisible

@: somewhat resistant to hostile enchantments, stealthy
A: fangs 3, regeneration 2, magic shield, antimagic bite, no device heal 3, rot
immunity
a: Potion Petition, Call Merchant, Bribe Branch, Renounce Religion


You were on level 10 of the Dungeon.
You worshipped Gozag.
Gozag was noncommittal.
You were not hungry.

You visited 2 branches of the dungeon, and saw 12 of its levels.

You collected 457 gold pieces.

Inventory:

Hand weapons
 J - a +2 war axe of chopping (weapon)
 M - a +1 hand axe
Armour
 e - a +0 cloak (worn)
 g - a +0 chain mail
 l - a +2 pair of boots (worn)
 u - a +0 pair of gloves (worn)
 w - a +1 ring mail of poison resistance (worn)
Jewellery
 t - an uncursed ring of fire
 E - an uncursed ring of wizardry
 I - a ring of see invisible (left hand)
Magical devices
 A - a wand of flame (11)
 K - a wand of fireball (8)
Scrolls
 i - 5 scrolls of identify
 k - a scroll of magic mapping
 m - 4 scrolls of remove curse
 r - 2 scrolls of recharging
 x - a scroll of amnesia
 y - 3 scrolls of teleportation
 B - 2 scrolls of fog
 D - a scroll of fear
Potions
 d - a potion of invisibility {unknown}
 h - 4 potions of degeneration {unknown}
 n - a potion of poison {unknown}
 q - a potion of heal wounds {unknown}
 s - a potion of cure mutation {unknown}
 v - 3 potions of curing {unknown}
 z - a potion of haste {unknown}
Comestibles
 a - a royal jelly
 b - 5 bread rations
 c - 7 meat rations


   Skills:
 + Level 6.5 Fighting
 * Level 8.4 Axes
 + Level 6.1 Dodging
 + Level 8.9 Stealth
 - Level 4.0 Unarmed Combat


You had 9 spell levels left.
You didn't know any spells.

Dungeon Overview and Level Annotations

Branches:
Dungeon (11/15)            Temple (1/1) D:6            Lair (0/8) D:10
    Orc (0/4) D:10

Altars:
Ashenzari
Cheibriados
Dithmenos
Elyvilon
Fedhas
Gozag
Kikubaaqudgha
Makhleb
Nemelex Xobeh
Okawaru
Qazlal
Ru
Sif Muna
Trog
Vehumet
Xom
Yredelemnul
Zin
The Shining One

Shops:
D:8 %


Innate Abilities, Weirdness & Mutations

You have razor-sharp teeth.
You heal very quickly.
When hurt, damage is shared between your health and your magic reserves.
Your bite disrupts and absorbs the magic of your enemies.
Potions and wands cannot restore your health.
You are immune to rotting.


Message History

* * * LOW HITPOINT WARNING * * *
The yak closely misses you. The hill giant barely misses you.
The ice beast hits you.
* * * LOW HITPOINT WARNING * * *
The ice beast freezes you!
* * * LOW HITPOINT WARNING * * *
The yak gores you!
* * * LOW HITPOINT WARNING * * *
You take 20 damage, and have 6/53 hp.
MASSIVE DAMAGE!!
You now have 2/11 mp.
You are too injured to fight recklessly!
Unknown command.
You are too injured to fight recklessly!
You are too injured to fight recklessly!
Unknown command.
You are too injured to fight recklessly!
Unknown command.
You are too injured to fight recklessly!
The yak barely misses you. The yak completely misses you. The yak gores you!
You die...
Your body crumbles into a pile of gold.

........# #... .........#
#### .... .........# ...
...# .........###.#
##.#.#
#.........##..######..#..
....>......:.##......##..
.........>..........###.#
.........####.......##...
......lY@# #...........#
......YYY# #.........###
........C.............###
..#......##.............
.....................###
.......####.##....#.....
...... ( ...#.......
#.... .).###### ..#.


You could see a hill giant, a komodo dragon, 3 yaks and an ice beast.

Vanquished Creatures
  Sigmund (D:4)
  A hippogriff (D:9)
  A deep elf mage (D:9)
  A yak (D:10)
  3 wyverns
  Duvessa (D:5)
  An orc warrior (D:9)
  An ice beast (D:5)
  A black bear (D:7)
  A phantom (D:6)
  2 sky beasts (D:6)
  6 ogres
  Blork the orc (D:5)
  A big kobold (D:9)
  3 giant frogs
  A wyvern zombie (D:6)
  Dowan (D:5)
  2 scorpions
  9 wights (D:9)
  2 crimson imps (D:5)
  3 hounds
  2 jellies
  A gnoll shaman (D:8)
  4 orc priests
  8 orc wizards
  A giant frog skeleton (D:9)
  An iguana (D:5)
  Natasha (D:3)
  5 worker ants
  A hound zombie (D:8)
  2 hound skeletons
  3 worker ant zombies
  9 adders
  7 gnolls
  2 river rats (D:5)
  3 worms
  3 adder skeletons
  15 orcs
  A ball python (D:3)
  A bat skeleton (D:5)
  5 giant cockroaches
  7 hobgoblins
  9 jackals
  25 kobolds
  3 quokkas
  8 bats
  8 giant geckos
  2 giant newts
  20 goblins
  A quokka skeleton (D:6)
  10 rats
211 creatures vanquished.

Vanquished Creatures (others)
  3 kobolds (D:9)
  A giant spore (D:9)
  A ballistomycete (D:9)
5 creatures vanquished.

Grand Total: 216 creatures vanquished

Notes
Turn   | Place    | Note
--------------------------------------------------------------
     0 | D:1      | hornqvist, the Vine Stalker Monk, began the quest for the Orb.
     0 | D:1      | Reached XP level 1. HP: 11/11 MP: 2/2
   208 | D:1      | Reached XP level 2. HP: 16/16 MP: 3/3
   904 | D:2      | Reached XP level 3. HP: 18/20 MP: 4/4
   939 | D:2      | Reached skill level 1 in Axes
  1109 | D:2      | Reached XP level 4. HP: 24/24 MP: 5/5
  1951 | D:3      | Noticed Natasha
  1963 | D:3      | Killed Natasha
  1963 | D:3      | Reached XP level 5. HP: 21/28 MP: 4/6
  2020 | D:3      | Found a snail-covered altar of Cheibriados.
  2021 | D:3      | Found a deep blue altar of Sif Muna.
  2197 | D:4      | Gained mutation: You heal very quickly. [Vine Stalker growth]
  2197 | D:4      | Reached XP level 6. HP: 17/32 MP: 4/7
  2338 | D:4      | Noticed Sigmund
  2356 | D:4      | Killed Sigmund
  2510 | D:4      | Found a sparkling altar of Nemelex Xobeh.
  2639 | D:4      | Found an ancient bone altar of Kikubaaqudgha.
  2656 | D:4      | Reached XP level 7. HP: 33/37 MP: 8/8
  2774 | D:4      | Found a blossoming altar of Fedhas.
  2839 | D:4      | Found a white marble altar of Elyvilon.
  2962 | D:5      | Entered Level 5 of the Dungeon
  2983 | D:5      | Reached skill level 5 in Stealth
  3193 | D:5      | Gained mutation: You have razor-sharp teeth. [Vine Stalker growth]
  3193 | D:5      | Reached XP level 8. HP: 23/42 MP: 9/9
  3255 | D:5      | Noticed Blork the orc
  3267 | D:5      | Killed Blork the orc
  3550 | D:5      | Noticed Dowan
  3551 | D:5      | Noticed Duvessa
  3567 | D:5      | Killed Duvessa
  3567 | D:5      | Reached skill level 5 in Axes
  3567 | D:5      | Reached skill level 6 in Stealth
  3570 | D:5      | Killed Dowan
  3831 | D:5      | Found a glowing golden altar of the Shining One.
  4391 | D:6      | Reached skill level 5 in Fighting
  4399 | D:6      | Found a staircase to the Ecumenical Temple.
  4412 | Temple   | Entered the Ecumenical Temple
  4558 | D:6      | Noticed an angel
  4566 | D:6      | Found a shimmering altar of Xom.
  4566 | D:6      | Found a glowing silver altar of Zin.
  4782 | D:6      | Reached skill level 7 in Stealth
  4782 | D:6      | Reached XP level 9. HP: 44/47 MP: 10/10
  4991 | D:6      | Reached skill level 5 in Dodging
  5018 | D:7      | Found a basalt altar of Yredelemnul.
  5716 | D:8      | Found Gimpydiu's Food Emporium.
  5728 | D:8      | Reached skill level 8 in Stealth
  5738 | D:8      | Found a burning altar of Makhleb.
  6132 | D:9      | Identified the Reference Book on Battle Magic and the Volcanoes (You found it on level 9 of the Dungeon)
  6143 | D:9      | Found an opulent altar of Gozag.
  6155 | D:9      | Reached XP level 10. HP: 34/53 MP: 5/11
  6184 | D:9      | Became a worshipper of Gozag Ym Sagoz the Greedy
  6472 | D:9      | You fall through a shaft for 2 floors!
  6487 | D:10     | Entered Level 10 of the Dungeon
  6487 | D:10     | Found a staircase to the Orcish Mines.
  6492 | D:9      | Found a sacrificial altar of Ru.
  6584 | D:10     | Found a staircase to the Lair.
  6595 | D:10     | Noticed a hill giant
  6610 | D:10     | Slain by a yak

Action                   |  1- 3 |  4- 6 |  7- 9 | 10-12 || total
-------------------------+-------+-------+-------+-------++-------
Melee: Unarmed           |    38 |       |       |       ||    38
       Hand axe          |    49 |   162 |   196 |     8 ||   415
       War axe           |       |       |   257 |    41 ||   298
  Use: Scroll            |       |     1 |    12 |       ||    13
       Potion            |       |       |     2 |       ||     2
 Stab: Sleeping          |       |     1 |     6 |     2 ||     9
       Distracted        |       |       |       |     1 ||     1
  Eat: Chunk             |       |     6 |    10 |       ||    16
       Royal jelly       |       |       |     1 |       ||     1
       Beef jerky        |       |       |       |     1 ||     1
